 Dungeon Crawl Stone Soup version 0.18.1-48-g4cf74bf (webtiles) character file.

19700 pokedragonboy the Blocker (level 12, -8/107 HPs)
             Began as a Minotaur Fighter on Sept 2, 2016.
             Was a High Priest of Qazlal.
             Shot with an arrow by a centaur warrior (10 damage)
             ... on level 13 of the Dungeon.
             The game lasted 02:48:33 (13029 turns).

pokedragonboy the Blocker (Minotaur Fighter)       Turns: 13029, Time: 02:48:34

Health: -8/107     AC: 19    Str: 30    XL:     12   Next: 38%
Magic:  0/12       EV: 10    Int:  5    God:    Qazlal [*****.]
Gold:   325        SH: 24    Dex: 15    Spells: 1 memorised, 10 levels left

rFire  + . .     SeeInvis +     F - +2 war axe
rCold  . . .     Gourm    .     x - +1 plate armour {rF+}
rNeg   . . .     Faith    .     d - +3 shield "Zostih" {SInv Stlth+}
rPois  .         Spirit   +     (helmet restricted)
rElec  +         Dismiss  .     (no cloak)
rCorr  .         Reflect  .     (no gloves)
SustAt .         Harm     .     (no boots)
MR     .....     Rnd*Rage +     K - amulet of guardian spirit
Stlth  ..........               q - +3 ring of strength
                                f - +6 ring of dexterity

@: protected from physical damage, very slightly contaminated, hasted, repel
missiles, very quick, not resistant to hostile enchantments, extremely
unstealthy
A: retaliatory headbutt, horns 2, berserk 1, electricity resistance
a: Upheaval, Elemental Force, Disaster Area, Renounce Religion


You were on level 13 of the Dungeon.
You worshipped Qazlal.
Qazlal was extremely pleased with you.
You were not hungry.

You visited 2 branches of the dungeon, and saw 14 of its levels.
You visited 1 bazaar.
You also visited: Bailey.

You collected 719 gold pieces.
You spent 394 gold pieces at shops.

Inventory:

Hand Weapons
 c - a +4 shortbow of velocity
 u - a +1 trident of freezing
 y - a +3 shortbow of flaming
 z - a +1 hunting sling of flaming
 A - a +3 battleaxe
 F - a +2 war axe (weapon)
 R - a +0 war axe of holy wrath
 X - a +2 battleaxe of chopping
Missiles
 i - 20 arrows
 J - 6 tomahawks (quivered)
Armour
 d - the +3 shield "Zostih" (worn) {SInv Stlth+}
   (You found it in a bailey)

   It lets you see invisible.
   It makes you more stealthy.
 g - a +2 scale mail of magic resistance
 x - a +1 plate armour of fire resistance (worn)
 G - the +4 ring mail "Zica" {Int+3 Dex+2}
   (You found it on level 4 of the Dungeon)

   It affects your intelligence (+3).
   It affects your dexterity (+2).
Magical Staves
 O - an uncursed staff of earth
 Q - an uncursed staff of cold
Jewellery
 f - a +6 ring of dexterity (left hand)
 q - a +3 ring of strength (right hand)
 K - an amulet of guardian spirit (around neck)
 M - an uncursed ring of positive energy
 V - an uncursed ring of protection from cold
Wands
 k - a wand of digging (15/24)
 o - a wand of confusion (5/48)
 L - a wand of digging (10/24)
 P - a wand of iceblast (13/15)
 W - a wand of slowing (32/48)
Scrolls
 j - 12 scrolls of remove curse
 l - a scroll of enchant armour
 m - 2 scrolls of fog
 n - a scroll of torment
 r - 2 scrolls of amnesia
 s - a scroll of recharging
 C - 6 scrolls of magic mapping
 H - 2 scrolls of identify
Potions
 e - a potion of flight {unknown}
 p - a potion of mutation {unknown}
 v - a potion of haste
 D - a potion of cure mutation {unknown}
 E - 3 potions of cancellation {unknown}
 I - 3 potions of brilliance
 N - 2 potions of degeneration {unknown}
 S - 3 potions of curing
 U - a potion of agility {unknown}
Comestibles
 b - 7 slices of pizza
 t - 9 bread rations
 w - 5 meat rations
 B - 3 beef jerkies


   Skills:
 + Level 10.3 Fighting
 + Level 11.9(12.0) Axes
 + Level 0.8(7.7) Polearms
 + Level 2.3 Bows
 + Level 3.3 Throwing
 + Level 11.3 Armour
 + Level 4.0 Dodging
 + Level 0.8 Stealth
 + Level 14.1 Shields
 + Level 1.6 Invocations
 + Level 0.5 Evocations


You had 10 spell levels left.
You knew the following spells:

 Your Spells              Type           Power        Failure   Level  Hunger
a - Infusion              Chrm           #...         100%        1    ##.....


Dungeon Overview and Level Annotations

Branches:
Dungeon (13/15)            Temple (1/1) D:6            Lair (0/8) D:10
    Orc (0/2) D:9
 Vaults: D:13-14

Altars:
Ashenzari
Cheibriados
Dithmenos
Elyvilon
Fedhas
Gozag
Kikubaaqudgha
Makhleb
Nemelex Xobeh
Okawaru
Pakellas
Qazlal
Ru
Sif Muna
Trog
Vehumet
Xom
Yredelemnul
Zin
The Shining One

Shops:
D:5 %   D:12 !%[

Portals:
Trove: D:13 (give +5 demon trident)


Innate Abilities, Weirdness & Mutations

You reflexively headbutt those who attack you in melee.
You have a pair of horns on your head.
You tend to lose your temper in combat.
You are resistant to electric shocks.


Message History

The 11-headed hydra misses you.
The 11-headed hydra bites you but does no damage.
You block the 11-headed hydra's attack.
The 11-headed hydra bites you but does no damage.
The 11-headed hydra bites you!
* * * LOW HITPOINT WARNING * * *
You feel more protected from physical attacks.
The 11-headed hydra bites you but does no damage.
The centaur shoots an arrow.
The arrow hits you.
* * * LOW HITPOINT WARNING * * *
Items here: % ( )) [ an arrow; a flail of holy wrath; a chain mail; a giant spiked club an orc skeleton The centaur shoots an arrow.
You block the arrow.
You see here an arrow.
The centaur shoots an arrow.
You block the arrow.
The 11-headed hydra falls through a shaft!
The shaft crumbles and collapses.
The centaur warrior shoots an arrow.
The arrow hits you!
You die...

..(.# #.#.....##
#..(###0.c...^.##
#...##...c..0...##
#...#............###
#...(....0[0.0.....#
#.........0.0....^.#
............^000...#
...#....^...0..0...#
...#.......^...0@..#
#.)............0.#.#
...(#............# #
...#))..........##
..##.)#........##
.............####.
........#.........
.....#..8..#######
...#.#.8.8.#


You could see a centaur warrior and a centaur.

Vanquished Creatures
  Frances (D:13)
  Urug (D:10)
  The ghost of folm99785 the Cleaver, a novice HOFi of Beogh (D:7)
  An unseen horror (D:13)
  A hill giant (D:13)
  4 orc knights (Bailey)
  Pikel (D:6)
  A deep elf mage (D:13)
  An ugly thing (D:11)
  A cyclops (D:13)
  2 gargoyles
  Grinder (D:5)
  Prince Ribbit (D:6)
  Sigmund (D:2)
  A wyvern (D:9)
  17 yaks
  A human (D:7)
  A hog (D:7)
  The ghost of MemeProof the Shooter, an amateur HuHu (D:3)
  3 hippogriffs
  Menkaure (D:6)
  A water moccasin (D:11)
  Edmund (D:5)
  Duvessa (D:5)
  A soldier ant (D:11)
  The ghost of sambo the Digger, an amateur GrEE (D:4)
  A swamp drake (D:10)
  A black bear (D:7)
  9 orc warriors
  3 ice beasts
  A wasp (D:13)
  A phantom (D:6)
  A sky beast (D:8)
  A slave (D:6)
  5 ogres
  4 centaurs
  2 crocodiles (D:10)
  2 big kobolds (D:11)
  5 giant frogs
  Dowan (D:5)
  A scorpion (D:10)
  A wyvern skeleton (D:12)
  18 killer bees
  4 wights (D:12)
  A howler monkey (D:5)
  A centaur zombie (D:12)
  6 crimson imps
  2 jellies
  2 quasits (D:12)
  A giant frog zombie (D:10)
  3 giant frog skeletons
  5 orc priests
  5 centaur skeletons
  7 hounds
  8 iguanas
  16 orc wizards
  7 worker ants
  2 sheep (D:7)
  A hound skeleton (D:4)
  Robin (D:2)
  A howler monkey skeleton (D:4)
  6 adders
  4 shadow imps
  An ooze (D:6)
  An adder skeleton (D:5)
  5 worms
  3 dart slugs
  5 giant geckos
  63 orcs
  5 bats
  6 giant cockroaches
  24 goblins
  8 hobgoblins
  6 quokkas
  3 ball pythons
  A giant gecko skeleton (D:6)
  5 giant newts
  A jackal skeleton (D:6)
  15 kobolds
  12 rats
  A spectral orc (D:9)
  2 butterflies (D:6)
355 creatures vanquished.

Vanquished Creatures (others)
  Fannar (D:10)
  2 vampire mosquitoes (D:12)
  An orc warrior (Bailey)
  2 slaves (D:6)
  A centaur (D:12)
  A centaur zombie (D:6)
  A giant cockroach (D:6)
9 creatures vanquished.

Grand Total: 364 creatures vanquished

Notes
Turn   | Place    | Note
--------------------------------------------------------------
     0 | D:1      | pokedragonboy the Minotaur Fighter began the quest for the Orb.
     0 | D:1      | Reached XP level 1. HP: 19/19 MP: 0/0
   155 | D:1      | Reached XP level 2. HP: 14/27 MP: 1/1
   324 | D:1      | Reached skill level 4 in Shields
  1009 | D:1      | Reached XP level 3. HP: 33/33 MP: 2/2
  1099 | D:2      | Noticed Sigmund
  1124 | D:2      | Killed Sigmund
  1124 | D:2      | Reached skill level 1 in Dodging
  1124 | D:2      | Reached XP level 4. HP: 27/41 MP: 3/3
  1124 | D:2      | Reached XP level 5. HP: 31/47 MP: 4/4
  1447 | D:2      | Found a stormy altar of Qazlal.
  1449 | D:2      | Noticed a fire elemental
  1450 | D:2      | Noticed a water elemental
  1450 | D:2      | Noticed an air elemental
  1455 | D:2      | Became a worshipper of Qazlal Stormbringer
  1853 | D:2      | Noticed Robin
  1884 | D:2      | Killed Robin
  1888 | D:2      | Reached * piety under Qazlal
  1891 | D:2      | Got a transparent helmet
  2082 | D:3      | Noticed MemeProof's ghost (amateur HuHu)
  2101 | D:3      | Killed MemeProof's ghost
  2101 | D:3      | Reached skill level 5 in Fighting
  2101 | D:3      | Reached skill level 5 in Armour
  2101 | D:3      | Reached skill level 5 in Shields
  2101 | D:3      | Reached XP level 6. HP: 55/56 MP: 5/5
  2284 | D:3      | Found a blossoming altar of Fedhas.
  2728 | D:4      | Reached skill level 5 in Axes
  2743 | D:4      | Got a spiked leather armour
  2768 | D:4      | Got a steaming ring mail
  2779 | D:4      | Identified the +4 ring mail "Zica" {Int+3 Dex+2} (You found it on level 4 of the Dungeon)
  2873 | D:4      | Noticed sambo's ghost (amateur GrEE)
  2877 | D:4      | Killed sambo's ghost
  2877 | D:4      | Reached XP level 7. HP: 61/61 MP: 6/6
  2950 | D:4      | Reached ** piety under Qazlal
  3288 | D:5      | Entered Level 5 of the Dungeon
  3340 | D:5      | Noticed Duvessa
  3341 | D:5      | Noticed Dowan
  3345 | D:5      | Reached skill level 6 in Shields
  3356 | D:5      | Killed Duvessa
  3371 | D:5      | Killed Dowan
  3390 | D:5      | Found Opuwygo's Food Shop.
  3479 | D:5      | Bought a bread ration for 55 gold pieces
  3479 | D:5      | Bought a meat ration for 55 gold pieces
  3479 | D:5      | Bought a beef jerky for 16 gold pieces
  3479 | D:5      | Bought a beef jerky for 16 gold pieces
  3500 | D:5      | Reached XP level 8. HP: 52/70 MP: 7/7
  3639 | D:5      | Reached skill level 7 in Shields
  3679 | D:5      | Noticed Edmund
  3692 | D:5      | Noticed Grinder
  3695 | D:5      | Paralysed by Grinder for 2 turns
  3707 | D:5      | Killed Grinder
  3708 | D:5      | Killed Edmund
  3708 | D:5      | Reached skill level 8 in Shields
  4349 | D:5      | Found a blossoming altar of Fedhas.
  4580 | D:6      | Noticed Pikel
  4600 | D:6      | Killed Pikel
  4600 | D:6      | Reached XP level 9. HP: 50/79 MP: 8/8
  4670 | D:6      | Found a staircase to the Ecumenical Temple.
  4679 | Temple   | Entered the Ecumenical Temple
  4822 | D:6      | Noticed Prince Ribbit
  4883 | D:6      | Found a radiant altar of Vehumet.
  4933 | D:6      | Reached skill level 9 in Shields
  4937 | D:6      | Reached skill level 1 in Throwing
  4957 | D:6      | Reached *** piety under Qazlal
  5190 | D:6      | Killed Prince Ribbit
  5203 | D:6      | Found a white marble altar of Elyvilon.
  5273 | D:6      | Noticed Menkaure
  5277 | D:6      | Killed Menkaure
  5489 | D:6      | Found an oddly glowing altar of Pakellas.
  5613 | D:7      | Noticed folm99785's ghost (novice HOFi)
  5622 | D:7      | Killed folm99785's ghost
  5622 | D:7      | Reached skill level 10 in Shields
  5622 | D:7      | Reached XP level 10. HP: 85/88 MP: 9/9
  5668 | D:7      | Found an opulent altar of Gozag.
  5786 | D:7      | Found a shadowy altar of Dithmenos.
  5909 | D:7      | Found an iron altar of Okawaru.
  5916 | D:7      | Found a glowing silver altar of Zin.
  6546 | D:8      | Gained mutation: You are resistant to electric shocks. [mutagenic meat]
  6619 | D:8      | You fall through a shaft!
  6904 | D:9      | Found a staircase to the Orcish Mines.
  6920 | D:9      | Reached skill level 11 in Shields
  7180 | D:9      | Found a basalt altar of Yredelemnul.
  7252 | D:9      | Reached skill level 10 in Axes
  7373 | D:9      | Reached **** piety under Qazlal
  7660 | D:10     | Entered Level 10 of the Dungeon
  7756 | D:10     | Found a flagged portal.
  7778 | Bailey   | Entered a bailey
  7866 | Bailey   | Noticed an orc knight
  7868 | Bailey   | Noticed an orc knight
  8010 | Bailey   | Noticed an orc knight
  8019 | Bailey   | Noticed an orc knight
  8048 | Bailey   | Killed an orc knight
  8752 | Bailey   | Killed an orc knight
  8752 | Bailey   | Reached skill level 12 in Shields
  8752 | Bailey   | Reached XP level 11. HP: 56/95 MP: 5/10
  9453 | Bailey   | Killed an orc knight
  9453 | Bailey   | Reached skill level 10 in Armour
  9456 | Bailey   | Killed an orc knight
  9456 | Bailey   | Reached skill level 1 in Bows
  9517 | Bailey   | Got a smoking shield
  9528 | Bailey   | Identified the +3 shield "Zostih" {SInv Stlth+} (You found it in a bailey)
  9735 | D:10     | Found a sacrificial altar of Ru.
  9856 | D:10     | Reached skill level 1 in Invocations
  9937 | D:10     | Noticed Fannar
 10312 | D:10     | Killed Fannar
 10605 | D:10     | Noticed Urug
 10630 | D:10     | Killed Urug
 10693 | D:10     | Learned a level 1 spell: Infusion
 10825 | D:10     | Found a staircase to the Lair.
 11126 | D:11     | Reached skill level 13 in Shields
 11159 | D:11     | Noticed a red ugly thing
 11168 | D:11     | Killed a red ugly thing
 11390 | D:11     | Reached ***** piety under Qazlal
 12204 | D:12     | Reached XP level 12. HP: 106/106 MP: 12/12
 12210 | D:12     | Found a flickering gateway to a bazaar.
 12222 | Bazaar   | Entered a bazaar
 12222 | Bazaar   | Found Lucipsy's Antique Weapon Boutique.
 12222 | Bazaar   | Found Yciriop's Weapon Shop.
 12222 | Bazaar   | Found Nuoleman's Antique Armour Shop.
 12293 | D:12     | Found Fehimoc's Distillery.
 12315 | D:12     | Bought a potion of heal wounds for 70 gold pieces
 12315 | D:12     | Bought a potion of heal wounds for 70 gold pieces
 12315 | D:12     | Bought a potion of heal wounds for 70 gold pieces
 12315 | D:12     | Bought a potion of lignification for 42 gold pieces
 12418 | D:12     | Found Tenolex's Food Emporium.
 12461 | D:12     | Found Quixkeol's Armour Boutique.
 12694 | D:13     | Reached skill level 10 in Fighting
 12721 | D:13     | Found a portal to a secret trove of treasure.
 12838 | D:13     | Noticed Frances
 12850 | D:13     | Gained mutation: You tend to lose your temper in combat. [a neqoxec]
 12857 | D:13     | Killed Frances
 12857 | D:13     | Reached skill level 14 in Shields
 12930 | D:13     | Noticed a six-headed hydra
 13008 | D:13     | Noticed a centaur warrior
 13018 | D:13     | HP: 1/107 [11-headed hydra (8)]
 13029 | D:13     | Shot with an arrow by a centaur warrior

Skill      XL: |  1  2  3  4  5  6  7  8  9 10 11 12 |
---------------+-------------------------------------+-----
Fighting       | 4 5 7 8 9 10 | 10.3
Shields        | 4 5 6 8 10 12 13 14 | 14.1
Armour         | 4 5 6 7 9 11 | 11.3
Axes           | 3 4 5 6 7 9 10 11 | 11.9
Dodging        | 1 2 3 4 |  4.0
Throwing       | 2 3 |  3.3
Bows           | 2 |  2.3
Invocations    | 1 |  1.6
Polearms       | |  0.8
Stealth        | |  0.8
Evocations     | |  0.5

Action                   |  1- 3 |  4- 6 |  7- 9 | 10-12 || total
-------------------------+-------+-------+-------+-------++-------
Melee: War axe           |    78 |   111 |   223 |   595 ||  1007
       Headbutt          |    10 |    21 |    63 |   156 ||   250
       Trident           |       |       |       |    69 ||    69
 Fire: Shortbow          |       |       |       |    28 ||    28
Throw: Tomahawk          |       |       |    12 |    21 ||    33
Invok: Upheaval          |       |       |     1 |       ||     1
       Elemental Force   |       |       |       |     3 ||     3
Evoke: Wand              |       |       |     1 |     4 ||     5
  Use: Scroll            |     2 |     4 |     1 |    24 ||    31
       Potion            |       |       |     4 |    10 ||    14
  Eat: Bread ration      |     1 |     1 |     1 |     1 ||     4
       Meat ration       |       |       |     1 |     1 ||     2
       Beef jerky        |       |       |       |     6 ||     6
       Chunk             |       |       |       |     2 ||     2
       Royal jelly       |       |       |       |     1 ||     1
Armor: Scale mail        |    43 |     4 |       |       ||    47
       Plate armour      |       |    72 |    72 |   138 ||   282
       Skin              |       |       |       |    11 ||    11
Dodge: Dodged            |    25 |    25 |    25 |    96 ||   171
       Deflected         |       |       |       |     4 ||     4
Block: Shield            |    34 |    70 |    83 |   445 ||   632
       Large shield      |       |       |    97 |   290 ||   387
